 Dungeon Crawl Stone Soup version 0.20.1-1-g8b1a95d (webtiles) character file.

130647 letownia2 the Severer (level 16, -18/141 HPs)
             Began as a Deep Dwarf Necromancer on Nov 2, 2017.
             Was an Initiate of Gozag.
             Demolished by a titanic slime creature (91 damage)
             ... on level 3 of the Lair of Beasts.
             The game lasted 01:45:27 (31678 turns).

letownia2 the Severer (Deep Dwarf Necromancer)     Turns: 31678, Time: 01:45:28

Health: -18/141    AC: 15    Str: 16    XL:     16   Next: 53%
Magic:  24/39      EV: 15    Int: 16    God:    Gozag
Gold:   1758       SH:  0    Dex: 16    Spells: 17/35 levels left

rFire    . . .     SeeInvis .   a - +2 demon trident (venom)
rCold    . . .     Gourm    .   (no shield)
rNeg     + . .     Faith    .   J - +1 scale mail {rPois}
rPois    +         Spirit   .   X - +2 hat
rElec    .         Reflect  .   S - scarf {cloud immunity}
rCorr    .         Harm     .   W - +0 pair of fencer's gloves {+Riposte Dex+3}
MR       ++++.     Clarity  +   T - +1 pair of boots {Stlth+}
Stlth    +++.......             n - necklace of Bloodlust {*Rage +Rage MR++ Int-3 Slay+6 *Curse}
Regen    0.0/turn               e - ring of wizardry
MPRegen  0.3/turn               t - ring of magical power

@: about to teleport, gold aura, non-regenerating
A: damage resistance, heal wounds, camouflage 1, clarity, negative energy
resistance 1, sense surroundings 2, no regeneration
a: Heal Wounds, Potion Petition, Call Merchant, Bribe Branch, Renounce Religion,
Evoke Berserk Rage


You were on level 3 of the Lair of Beasts.
You worshipped Gozag.
Gozag was most pleased with you.
You were full.

You visited 7 branches of the dungeon, and saw 29 of its levels.
You also visited: Labyrinth and Volcano.

You collected 10346 gold pieces.
You spent 78 gold pieces at shops.
You paid 8510 gold pieces to Gozag.

Inventory:

Hand Weapons
 a - a +2 demon trident of venom (weapon)
 b - the +4 hand axe "Jylih" {freeze, -Tele rPois rF+++ Int+2}
   (You found it in a labyrinth)

   It has been specially enchanted to freeze those struck by it, causing extra
   injury to most foes and up to half again as much damage against particularly
   susceptible opponents.
   It can also slow down cold-blooded creatures.
   It affects your intelligence (+2).
   It renders you almost immune to fire.
   It protects you from poison.
   It prevents most forms of teleportation.
 c - a +5 blowgun
 s - a +2 battleaxe of electrocution
 Y - the +5 flail of the Other Side {chaos, rC+ Stlth+}
   (You found it on level 13 of the Dungeon)

   Each time it hits an enemy it has a different, random effect.
   It protects you from cold.
   It makes you more stealthy.
Missiles
 p - 31 poisoned needles
 N - 14 curare-tipped needles
 P - 2 throwing nets
 U - 4 javelins (quivered)
Armour
 y - the +7 ring mail "Zugethrou" {rElec rN+}
   (You found it on level 11 of the Dungeon)

   It insulates you from electricity.
   It protects you from negative energy.
 E - a +0 chain mail of cold resistance
 J - a +1 scale mail of poison resistance (worn)
 O - a +4 chain mail of fire resistance
 S - a scarf of cloud immunity (worn)
 T - a +1 pair of boots of stealth (worn)
 W - the +0 pair of fencer's gloves (worn) {+Riposte Dex+3}
   (You found it on level 8 of the Dungeon)

   It affects your dexterity (+3).
 X - a +2 hat (worn)
Jewellery
 e - a ring of wizardry (left hand)
 n - the necklace of Bloodlust (around neck) {*Rage +Rage MR++ Int-3 Slay+6 *Curse}
   (You found it in a labyrinth)

   [amulet of rage]

   It affects your intelligence (-3).
   It affects your accuracy and damage with ranged weapons and melee attacks
   (+6).
   It affects your resistance to hostile enchantments.
   It lets you go berserk.
   It may make you go berserk in combat.
   It curses itself when equipped.
 t - a ring of magical power (right hand)
Wands
 k - a wand of confusion (9/48)
 u - a wand of digging (6/24)
 H - a wand of lightning (2/15)
 I - a wand of paralysis (4/24)
Scrolls
 d - 2 scrolls of blinking
 h - 2 scrolls of magic mapping
 i - 2 scrolls of identify
 m - 2 scrolls of fog
 q - a scroll of fear
 w - 9 scrolls of remove curse
 x - 6 scrolls of recharging
 B - 6 scrolls of teleportation
 L - 2 scrolls of holy word
Potions
 f - 4 potions of resistance
 j - a potion of berserk rage
 o - 4 potions of ambrosia
 r - 11 potions of curing
 v - 9 potions of heal wounds
 z - 2 potions of brilliance
 C - a potion of cancellation
 D - a potion of haste
 F - 6 potions of agility
 G - 2 potions of lignification
 K - 3 potions of mutation
 M - 6 potions of flight
 Q - a potion of might
 R - 2 potions of magic
Miscellaneous
 V - 2 sacks of spiders
Comestibles
 l - 13 bread rations


   Skills:
 - Level 8.6 Fighting
 - Level 17.4 Axes
 - Level 8.6 Armour
 - Level 9.1 Dodging
 - Level 2.4 Stealth
 - Level 10.2 Spellcasting
 - Level 2.1 Conjurations
 - Level 3.3 Hexes
 - Level 5.8 Charms
 + Level 14.8 Necromancy
 - Level 3.2 Air Magic
 - Level 2.2 Poison Magic
 - Level 7.1 Evocations


You had 17 spell levels left.
You knew the following spells:

 Your Spells              Type           Power        Failure   Level  Hunger
a - Pain                  Necr           ####         1%          1    None
e - Mephitic Cloud        Conj/Pois/Air  ###.....     12%         3    None
l - Song of Slaying       Chrm           ####....     1%          2    None
p - Poisonous Vapours     Pois/Air       ###...       5%          2    None
s - Swiftness             Chrm/Air       ###.....     2%          2    None
t - Shroud of Golubria    Chrm/Tloc      ###.......   4%          2    None
v - Vampiric Draining     Necr           ######....   1%          3    None
x - Spectral Weapon       Hex/Chrm       ###.....     4%          3    None


Dungeon Overview and Level Annotations

Branches:
Dungeon (15/15)            Temple (1/1) D:4            Lair (6/6) D:11
  Swamp (1/4) Lair:3       Spider (3/4) Lair:3        Slime (0/5) Lair:5
    Orc (2/2) D:10            Elf (1/3) Orc:2        Vaults (0/5) D:13
 Depths (0/5) D:15

Altars:
Ashenzari
Elyvilon
Fedhas
Gozag
Hepliaklqana
Kikubaaqudgha
Makhleb
Okawaru
Sif Muna
Uskayaw
Xom
Jiyva

Shops:
D:4 :   D:6 [   D:9 :   D:10 *   Orc:2 %[*}   Lair:2 *[=([(

Portals:
Pandemonium: Orc:2

Annotations:
D:3 letownia2's ghost, amateur DDNe
D:4 AdmiralAndromeda's ghost, amateur MfGl
D:12 Ymberto's ghost, journeyman DEFE


Innate Abilities, Weirdness & Mutations

You are resistant to damage.
You can heal yourself by infusing magical energy.
You resist negative energy. (rN+)
You passively map the area around you.
You do not regenerate.
Your skin changes colour to match your surroundings (Stealth+).
You possess an exceptional clarity of mind.


Message History

The lightning arcs!
A large slime creature splits.
A slime creature suddenly becomes a very large slime creature.
The insubstantial wisp hits you but does no damage.
There is a staircase back to the Lair, spattered with blood here.
Two slime creatures merge to form an enormous slime creature.
The insubstantial wisp barely misses you.
Two slime creatures merge to form a titanic slime creature.
You climb upwards.
Welcome back to the Lair of Beasts!
There is a staircase to the Swamp here.
Unknown command.
Unknown command.
Unknown command.
Unknown command.
Unknown command.
Unknown command.
As you read the scroll of teleportation, it crumbles to dust.
You feel strangely unstable. The titanic slime creature hits you!!!!
Ouch! That really hurt!
You die...
Your body crumbles into a pile of gold.

### #.#################
###..§v@§.##.##P##.#####
#....§§J§........)......
#.....§§§.(.##.#.#.P#JJ.
#...........#########...
#............# #...
##...........## #...
#P...........# #...
#............## #####...
##.###.#[.....##
#.##....


You could see a titanic slime creature and an insubstantial wisp.

Vanquished Creatures
  Arachne (Spider:3)
  The ghost of poirepourri the Severer, an adept MiFi of Makhleb (Spider:3)
  Roxanne (D:14)
  An entropy weaver (Spider:2)
  A minotaur (Lab)
  Snorg (Lair:5)
  A vault guard (D:13)
  Harold (D:11)
  7 hydras
  A death knight (D:13)
  A merfolk avatar (Lair:6)
  3 centaur warriors
  The ghost of poirepourri the Basher, a journeyman GrFi of Okawaru (D:10)
  6 two-headed ogres
  2 alligators (Swamp:1)
  10 death yaks
  Sonja (D:15)
  A hell knight (Volcano)
  A deep elf knight (Elf:1)
  7 orc high priests (Orc:2)
  A fire crab (Lair:6)
  A salamander mystic (Volcano)
  An infernal demonspawn (Orc:2)
  3 unseen horrors
  2 wizards (D:14)
  A torturous demonspawn (Orc:2)
  2 deep elf archers (Elf:1)
  A gelid demonspawn (Orc:2)
  A lindwurm (Lair:3)
  4 orc knights (Orc:2)
  A harpy (Lair:6)
  4 orc sorcerers (Orc:2)
  9 orb spiders
  11 wolf spiders
  5 necromancers
  A wolf spider zombie (D:15)
  2 moths of wrath
  2 ugly things
  8 cyclopes
  7 deep elf magi
  A manticore (D:13)
  3 salamanders (Volcano)
  7 elephants
  Maurice (D:13)
  4 black mambas
  3 naga magi (D:15)
  A torpor snail (Lair:6)
  5 gargoyles
  5 rime drakes
  9 spiny frogs
  9 komodo dragons
  2 minotaur zombies (Lab)
  3 demonic crawlers
  6 trolls
  2 red devils (Orc:2)
  A queen bee (Spider:2)
  A meliai (shapeshifter) (D:14)
  7 polar bears
  15 jumping spiders
  13 blink frogs
  A tyrant leech (Swamp:1)
  2 hornets (Lair:6)
  Prince Ribbit (D:6)
  2 bog bodies (Swamp:1)
  6 dream sheep (Lair:4)
  15 slime creatures
  10 hippogriffs
  52 redbacks
  A spriggan (Lair:4)
  11 yaks
  A vampire (D:12)
  A shadow (D:14)
  9 tarantellas
  A wraith (D:11)
  6 wyverns
  3 hogs (D:7)
  21 humans
  A neqoxec (Orc:2)
  3 hungry ghosts
  A steam dragon (D:10)
  6 vampire mosquitoes
  A soldier ant (D:12)
  A swamp worm (Lair:3)
  4 wargs
  An acid dragon (D:15)
  10 porcupines
  16 water moccasins
  2 hell hounds (D:11)
  29 orc warriors
  6 sky beasts
  2 ice beasts
  A black bear (D:10)
  A hornet zombie (D:9)
  15 ogres
  2 phantoms
  8 boggarts (D:15)
  24 centaurs
  11 crocodiles
  19 bullfrogs
  4 big kobolds
  Blork the orc (D:6)
  A gnoll sergeant (D:11)
  A hornet simulacrum (D:15)
  8 scorpions
  24 killer bees
  A howler monkey (D:7)
  A centaur zombie (D:11)
  7 electric eels
  5 crimson imps
  A bullfrog zombie (D:11)
  A quasit (D:9)
  6 hounds
  2 jellies
  26 orc priests
  Crazy Yiuf (D:6)
  5 bullfrog skeletons
  2 centaur skeletons
  Ijyb (D:3)
  12 iguanas
  20 orc wizards
  11 worker ants
  2 hound skeletons
  4 gnolls (D:11)
  18 adders
  2 shadow imps
  An adder skeleton (D:9)
  5 worms
  A dart slug (D:3)
  6 leopard geckos
  76 orcs
  A bat (D:1)
  10 giant cockroaches
  12 goblins
  6 hobgoblins
  3 jackals (D:3)
  24 kobolds
  4 quokkas
  2 ball pythons
  5 frilled lizards
  A quokka skeleton (D:6)
  5 rats
850 creatures vanquished.

Vanquished Creatures (collateral kills)
  A hydra (Lair:6)
  A rust devil (Orc:2)
  A molten gargoyle (Lair:6)
  A water moccasin (Lair:6)
4 creatures vanquished.

Vanquished Creatures (others)
  A dancing weapon (Elf:1)
  A redback (Spider:1)
  A yak (Lair:6)
  A centaur (D:15)
  5 fungi
  8 plants
17 creatures vanquished.

Grand Total: 871 creatures vanquished

Notes
Turn   | Place    | Note
-------+----------+-------------------------------------------
     0 | D:1      | letownia2 the Deep Dwarf Necromancer began the quest for the Orb.
     0 | D:1      | Reached XP level 1. HP: 15/15 MP: 3/3
   208 | D:2      | Reached XP level 2. HP: 17/22 MP: 0/5
   393 | D:2      | Reached skill level 5 in Necromancy
   393 | D:2      | Reached XP level 3. HP: 22/28 MP: 2/6
   398 | D:2      | Learned a level 3 spell: Vampiric Draining
   947 | D:4      | Reached XP level 4. HP: 15/36 MP: 0/7
  1099 | D:4      | Noticed AdmiralAndromeda's ghost (amateur MfGl)
  1284 | D:3      | Found a burning altar of Makhleb.
  1286 | D:3      | Noticed an Executioner
  1367 | D:4      | Reached XP level 5. HP: 26/42 MP: 8/8
  1855 | D:4      | Reached XP level 6. HP: 40/49 MP: 4/9
  2149 | D:4      | Found a staircase to the Ecumenical Temple.
  2156 | Temple   | Entered the Ecumenical Temple
  2177 | Temple   | Became a worshipper of Gozag Ym Sagoz the Greedy
  2525 | D:4      | Found Cuoch's Book Shop.
  2779 | D:3      | Noticed Ijyb
  2831 | D:3      | Killed Ijyb
  2831 | D:3      | Reached skill level 1 in Armour
  3210 | D:3      | Reached XP level 7. HP: 36/55 MP: 11/11
  3259 | D:3      | Noticed letownia2's ghost (amateur DDNe)
  3303 | D:2      | Found a hazy altar of Hepliaklqana.
  4421 | D:5      | Entered Level 5 of the Dungeon
  5359 | D:6      | Noticed Blork the orc
  5365 | D:6      | Killed Blork the orc
  5365 | D:6      | Reached XP level 8. HP: 56/62 MP: 14/14
  5571 | D:6      | Reached skill level 5 in Spellcasting
  5600 | D:6      | Reached skill level 1 in Fighting
  5723 | D:6      | Found a runed door.
  5770 | D:6      | Noticed Crazy Yiuf
  5774 | D:6      | Killed Crazy Yiuf
  5856 | D:6      | Found Sirgh's Distillery.
  5892 | D:6      | Noticed Prince Ribbit
  5901 | D:6      | Killed Prince Ribbit
  6099 | D:7      | Reached skill level 1 in Evocations
  6232 | D:7      | Gained mutation: You passively map the area around you. [Deep Dwarf growth]
  6232 | D:7      | Reached XP level 9. HP: 55/74 MP: 18/18
  6383 | D:7      | Reached skill level 5 in Evocations
  6527 | D:7      | Noticed a two-headed ogre
  6561 | D:7      | Killed a two-headed ogre
  6644 | D:7      | Found a deep blue altar of Sif Muna.
  6652 | D:7      | Found a burning altar of Makhleb.
  6656 | D:7      | Found a blossoming altar of Fedhas.
  6949 | D:8      | Noticed a two-headed ogre
  6974 | D:8      | Killed a two-headed ogre
  6974 | D:8      | Reached XP level 10. HP: 38/82 MP: 13/22
  7376 | D:8      | Found a white marble altar of Elyvilon.
  7405 | D:8      | Noticed a two-headed ogre
  7706 | D:9      | Found Roelead's Book Emporium.
  7726 | D:9      | Found an iron altar of Okawaru.
  8000 | D:9      | Found a shattered altar of Ashenzari.
  8047 | D:9      | Reached skill level 5 in Armour
  8081 | D:9      | Noticed a two-headed ogre
  8091 | D:9      | Killed a two-headed ogre
  8250 | D:10     | Entered Level 10 of the Dungeon
  8278 | D:10     | Killed a two-headed ogre
  8290 | D:10     | Reached skill level 5 in Fighting
  8318 | D:10     | Noticed poirepourri's ghost (journeyman GrFi)
  8385 | D:10     | Noticed a gargoyle
  8395 | D:9      | Reached skill level 10 in Necromancy
  8705 | D:10     | Bought a scroll labeled WEMADW YRYI for 26 gold pieces
  8705 | D:10     | Bought a scroll labeled FILEC YBITWA for 26 gold pieces
  8705 | D:10     | Bought a scroll labeled CYUMAJ RAASIF for 26 gold pieces
  8746 | D:10     | Killed a gargoyle
  8746 | D:10     | Reached XP level 11. HP: 85/97 MP: 24/24
  8756 | D:10     | Killed an unseen horror
  8819 | D:10     | Identified 2 scrolls of acquirement
  9241 | D:10     | Reached skill level 1 in Axes
  9269 | D:10     | Reached skill level 2 in Axes
  9363 | D:10     | Found a staircase to the Orcish Mines.
  9526 | Orc:1    | Entered Level 1 of the Orcish Mines
  9550 | D:10     | Reached skill level 3 in Axes
  9626 | Orc:1    | Reached skill level 4 in Axes
  9839 | Orc:1    | Reached skill level 5 in Axes
 10119 | Orc:2    | Entered Level 2 of the Orcish Mines
 10175 | Orc:2    | Reached skill level 6 in Axes
 10239 | Orc:2    | Found Hiss's Gadget Emporium.
 10300 | Orc:2    | Found a staircase to the Elven Halls.
 10678 | Orc:2    | Reached skill level 7 in Axes
 10972 | Orc:2    | Noticed an orc knight
 11105 | Orc:2    | Killed an orc knight
 11105 | Orc:2    | Reached skill level 8 in Axes
 11155 | Orc:2    | Found Loboysirgh's General Store.
 11314 | Orc:2    | Found Zaedei's Food Boutique.
 11546 | D:11     | Found a staircase to the Lair.
 11627 | D:11     | Reached skill level 9 in Axes
 11773 | D:11     | Noticed Harold
 11843 | D:11     | Killed Harold
 11926 | D:11     | Reached skill level 10 in Axes
 11944 | D:11     | Identified the Papyrus of Displacement
 12263 | D:11     | Reached XP level 12. HP: 59/105 MP: 25/25
 12573 | D:11     | Noticed an eight-headed hydra
 12582 | D:11     | Killed an eight-headed hydra
 12582 | D:11     | Reached skill level 11 in Axes
 12630 | D:11     | Got a twisted ring mail
 12641 | D:11     | Identified the +7 ring mail "Zugethrou" {rElec rN+} (You found it on level 11 of the Dungeon)
 12722 | Lair:1   | Entered Level 1 of the Lair of Beasts
 12887 | Lair:1   | Found a labyrinth entrance.
 12901 | Lab      | Entered a labyrinth
 12975 | Lab      | Noticed a minotaur
 12982 | Lab      | Killed a minotaur
 12982 | Lab      | Reached skill level 12 in Axes
 12988 | Lab      | Got a fine hand axe
 12989 | Lab      | Identified the +4 hand axe "Jylih" {freeze, -Tele rPois rF+++ Int+2} (You found it in a labyrinth)
 13880 | Lair:2   | Noticed a six-headed hydra
 13891 | Lair:2   | Killed a six-headed hydra
 13893 | Lair:2   | Reached skill level 13 in Axes
 14747 | D:10     | Killed poirepourri's ghost
 14920 | Orc:2    | Reached skill level 5 in Dodging
 15103 | Orc:2    | Noticed an orc high priest
 15162 | Orc:2    | Noticed an orc high priest
 15177 | Orc:2    | Killed an orc high priest
 15329 | Orc:2    | Noticed an orc high priest
 15345 | Orc:2    | Killed an orc high priest
 15380 | Orc:2    | Paralysed by an orc sorcerer for 3 turns
 15439 | Orc:2    | Killed an orc high priest
 15439 | Orc:2    | Reached skill level 14 in Axes
 15439 | Orc:2    | Reached XP level 13. HP: 108/111 MP: 26/26
 15450 | Orc:2    | Gained mutation: You are frail. (-10% HP) [a neqoxec]
 15819 | Orc:2    | Paralysed by an orc sorcerer for 6 turns
 15825 | Orc:2    | HP: 4/99 [soul eater[an orc sorcerer] (12)]
 16794 | D:7      | Lost mutation: You are frail. (-10% HP) [potion of mutation]
 16794 | D:7      | Gained mutation: You are clumsy. (Dex -2) [potion of mutation]
 16794 | D:7      | Gained mutation: Your skin changes colour to match your surroundings (Stealth+). [potion of mutation]
 16794 | D:7      | Gained mutation: You possess an exceptional clarity of mind. [potion of mutation]
 16794 | D:7      | Lost mutation: You are clumsy. (Dex -2) [potion of mutation]
 17076 | Orc:2    | Found Dizumeno's Gadget Shoppe.
 17076 | Orc:2    | Found Yzedut's Antique Armour Emporium.
 17076 | Orc:2    | Found a one-way gate leading to the halls of Pandemonium.
 17365 | Lair:3   | Found a dark tunnel.
 17384 | Volcano  | Entered a volcano
 17873 | Lair:3   | Found a staircase to the Swamp.
 18010 | Lair:3   | Reached skill level 15 in Axes
 18606 | Lair:3   | Found a hole to the Spider Nest.
 19324 | D:12     | Noticed Ymberto's ghost (journeyman DEFE)
 19887 | D:13     | Found a blossoming altar of Fedhas.
 19978 | D:13     | Got a crystal flail
 19979 | D:13     | Identified the +5 flail of the Other Side {chaos, rC+ Stlth+} (You found it on level 13 of the Dungeon)
 20095 | D:13     | Gained mutation: You resist negative energy. (rN+) [Deep Dwarf growth]
 20095 | D:13     | Reached XP level 14. HP: 120/123 MP: 27/27
 20306 | D:13     | Noticed Maurice
 20324 | D:13     | Killed Maurice
 20343 | D:13     | Learned a level 2 spell: Swiftness
 21014 | D:13     | Found a gate to the Vaults.
 21058 | D:14     | Noticed Roxanne
 22030 | D:13     | Learned a level 3 spell: Mephitic Cloud
 22033 | D:13     | Learned a level 2 spell: Poisonous Vapours
 22206 | Lair:4   | Reached skill level 1 in Conjurations
 22210 | Lair:4   | Reached skill level 1 in Air Magic
 22214 | Lair:4   | Reached skill level 1 in Poison Magic
 22312 | Lair:4   | Reached skill level 1 in Charms
 23354 | Lair:5   | Found a viscous altar of Jiyva.
 23355 | Lair:5   | Found a staircase to the Slime Pits.
 23483 | Lair:5   | Noticed Snorg
 23496 | Lair:5   | Killed Snorg
 23524 | Lair:5   | Reached XP level 15. HP: 110/133 MP: 2/28
 23533 | Lair:5   | Reached skill level 10 in Spellcasting
 23812 | Lair:6   | Entered Level 6 of the Lair of Beasts
 24069 | Lair:6   | Reached skill level 16 in Axes
 24191 | Lair:6   | Learned a level 2 spell: Song of Slaying
 24194 | Lair:6   | Learned a level 2 spell: Shroud of Golubria
 24198 | Lair:6   | Learned a level 3 spell: Spectral Weapon
 24358 | Lair:6   | Reached skill level 1 in Hexes
 24871 | Lair:6   | Got an ancient leather armour
 24976 | Lair:6   | Identified the cursed +0 leather armour of Wariness {Int+3} (You found it on level 6 of the Lair of Beasts)
 25198 | D:15     | Entered Level 15 of the Dungeon
 25365 | D:15     | Noticed Sonja
 25373 | D:15     | Killed Sonja
 26140 | D:15     | Found a staircase to the Depths.
 26511 | D:14     | Killed Roxanne
 26651 | Swamp:1  | Entered Level 1 of the Swamp
 26699 | Swamp:1  | Reached skill level 5 in Charms
 27294 | Elf:1    | Entered Level 1 of the Elven Halls
 27345 | Elf:1    | Reached skill level 17 in Axes
 28120 | Spider:1 | Entered Level 1 of the Spider Nest
 28314 | Spider:1 | Reached XP level 16. HP: 113/141 MP: 20/30
 30902 | Spider:3 | Noticed poirepourri's ghost (adept MiFi)
 30943 | Spider:3 | Killed poirepourri's ghost
 30963 | Spider:3 | Noticed Arachne
 31147 | Spider:3 | Killed Arachne
 31678 | Lair:3   | Demolished by a titanic slime creature

Skill      XL: |  1  2  3  4  5  6  7  8  9 10 11 12 13 14 15 16 |
---------------+-------------------------------------------------+-----
Spellcasting   | 2 3 4 6 8 9 10 | 10.2
Necromancy     | 5 6 7 8 10 11 12 14 | 14.8
Armour         | 1 4 5 7 8 |  8.6
Fighting       | 2 5 6 7 8 |  8.6
Evocations     | 3 7 |  7.1
Dodging        | 4 6 8 9 |  9.1
Axes           | 10 14 15 17 | 17.4
Conjurations   | 2 |  2.1
Air Magic      | 2 3 |  3.2
Poison Magic   | 2 |  2.2
Charms         | 2 5 |  5.8
Hexes          | 3 |  3.3
Stealth        | |  2.4

Action                   |  1- 3 |  4- 6 |  7- 9 | 10-12 | 13-15 | 16-18 || total
-------------------------+-------+-------+-------+-------+-------+-------++-------
Melee: Unarmed           |     5 |       |       |       |       |       ||     5
       Short sword       |     4 |    48 |       |       |       |       ||    52
       Dagger            |       |     8 |   107 |   380 |       |       ||   495
       Quarterstaff      |       |       |       |    11 |       |       ||    11
       Demon trident     |       |       |       |   246 |   970 |   179 ||  1395
       War axe           |       |       |       |     9 |       |       ||     9
       Hand axe          |       |       |       |     6 |     6 |       ||    12
 Fire: Arbalest          |       |       |    10 |       |       |       ||    10
Throw: Tomahawk          |       |       |     4 |     9 |     1 |       ||    14
       Throwing net      |       |       |       |       |     1 |       ||     1
       Javelin           |       |       |       |       |       |     2 ||     2
 Cast: Pain              |    34 |    61 |    76 |    13 |     6 |     1 ||   191
       Vampiric Draining |     4 |    24 |    61 |   356 |   559 |   189 ||  1193
       Mephitic Cloud    |       |       |       |       |     1 |       ||     1
Invok: Call Merchant     |       |       |     1 |     3 |     3 |     1 ||     8
 Abil: Evoke Berserk Rag |       |       |       |       |     1 |     2 ||     3
Evoke: Wand              |       |       |     3 |    42 |    41 |     8 ||    94
       Sack of spiders   |       |       |       |     2 |     4 |       ||     6
  Use: Scroll            |       |       |     5 |    23 |    12 |     5 ||    45
       Potion            |       |       |       |       |     2 |     4 ||     6
 Stab: Sleeping          |       |     2 |       |     2 |    20 |     4 ||    28
       Distracted        |       |       |       |     1 |     4 |     4 ||     9
       Paralysed         |       |       |       |       |     5 |       ||     5
       Confused          |       |       |       |       |       |     1 ||     1
  Eat: Chunk             |     1 |     5 |       |       |       |       ||     6
       Bread ration      |       |     1 |     2 |       |     1 |     2 ||     6
       Royal jelly       |       |       |     1 |     4 |     9 |     1 ||    15
       Fruit             |       |       |     5 |     4 |     7 |       ||    16
       Meat ration       |       |       |       |     4 |     3 |     1 ||     8
Armor: Robe              |     4 |       |       |       |       |       ||     4
       Leather armour    |       |    12 |       |       |       |       ||    12
       Ring mail         |       |    10 |    66 |   375 |   204 |       ||   655
       Chain mail        |       |       |       |       |   291 |       ||   291
       Scale mail        |       |       |       |       |     9 |   119 ||   128
Dodge: Dodged            |    13 |    53 |   100 |   556 |   708 |   195 ||  1625
       Rpst.: Dagger     |       |       |     6 |   110 |       |       ||   116
       Quarterstaff      |       |       |       |     2 |       |       ||     2
       Demon trident     |       |       |       |    37 |   183 |    49 ||   269
       War axe           |       |       |       |     6 |       |       ||     6
       Hand axe          |       |       |       |     2 |     2 |       ||     4
